 Dungeon Crawl Stone Soup version 0.17.0-1-g61d176b (webtiles) character file.

3782 Ijustatesigmund the Fighter (level 10, 0/97 HPs)
             Began as a Gargoyle Earth Elementalist on Nov 7, 2015.
             Was a Believer of the Shining One.
             Slain by a spiny frog (5 damage)
             ... on level 1 of the Lair of Beasts.
             The game lasted 00:43:11 (11381 turns).

Ijustatesigmund the Fighter (GrEE)                 Turns: 11381, Time: 00:43:12

Health: 0/97       AC: 25    Str: 11    XL:     10   Next: 16%
Magic:  1/16       EV:  2    Int: 19    God:    the Shining One [**....]
Gold:   531        SH:  0    Dex: 11    Spells: 4 memorised, 8 levels left

rFire  + . .     SeeInvis .     p - +1 mace
rCold  x . .     Clarity  +     (armour currently unavailable)
rNeg   + + +     SustAt   .     (no shield)
rPois  ∞         Gourm    .     (helmet currently unavailable)
rElec  .         Spirit   .     (cloak currently unavailable)
rCorr  .         Warding  .     (gloves currently unavailable)
rMut   .         NoTele   +     (boots currently unavailable)
MR     .....                    m - amulet of clarity
Stlth  +.........               x - +3 ring of evasion
                                L - ring of fire

@: tree-form, glowing, not resistant to hostile enchantments, very unstealthy
A: negative energy resistance 1, (electricity resistance), (unbreathing),
petrification resistance, rot immunity, AC +7
a: Divine Shield, Renounce Religion


You were on level 1 of the Lair of Beasts.
You worshipped the Shining One.
The Shining One was pleased with you.
You were hungry.
You were a tree.
You visited 3 branches of the dungeon, and saw 11 of its levels.

You collected 531 gold pieces.

Inventory:

Hand Weapons
 p - a +1 mace (weapon)
Missiles
 a - 329 stones (quivered)
 i - 2 javelins of penetration
Armour
 f - a +1 cloak (melded)
 l - the +4 skin of Zhor (melded) {rC+++}
   (You found it on level 6 of the Dungeon)

   It renders you almost immune to cold.
 n - a +2 helmet (melded)
 I - a cursed +0 plate armour
Magical Staves
 k - an uncursed staff of power
Jewellery
 j - an uncursed ring of flight
 m - an amulet of clarity (around neck)
 x - a +3 ring of evasion (right branch)
 D - an uncursed amulet of resist corrosion
 L - a ring of fire (left branch)
Wands
 r - a wand of polymorph (11)
 w - a wand of digging (4)
 B - a wand of magic darts (12)
Scrolls
 e - 5 scrolls of remove curse
 s - a scroll of magic mapping
 u - 2 scrolls of enchant weapon
 v - 4 scrolls of recharging
Potions
 b - a potion of cancellation
 g - a potion of ambrosia
 o - 2 potions of cure mutation
 t - 3 potions of flight
 z - a potion of agility {unknown}
 A - a potion of degeneration {unknown}
 J - a potion of haste {unknown}
Books
 c - a book of Geomancy

   Spells                             Type                      Level
   a - Sandblast                      Earth                        1
   b - Stoneskin                      Transmutation/Earth          2
   c - Passwall                       Transmutation/Earth          3
   d - Stone Arrow                    Conjuration/Earth            3
   e - Petrify                        Transmutation/Earth          4
   f - Lee's Rapid Deconstruction     Earth                        5
 F - a book of Battle

   Spells                             Type                      Level
   a - Infusion                       Charms                       1
   b - Shroud of Golubria             Charms/Translocation         2
   c - Song of Slaying                Charms                       2
   d - Spectral Weapon                Hexes/Charms                 3
   e - Regeneration                   Charms/Necromancy            3
 H - a book of Annihilations

   Spells                             Type                      Level
   a - Poison Arrow                   Conjuration/Poison           6
   b - Chain Lightning                Conjuration/Air              8
   c - Lehudib's Crystal Spear        Conjuration/Earth            8
   d - Glaciate                       Conjuration/Ice              9
   e - Fire Storm                     Conjuration/Fire             9
Miscellaneous
 y - a plain deck of defence {drawn: 1}
Comestibles
 d - 2 bread rations
 h - 3 meat rations
 G - 15 fruits
 K - a chunk of flesh


   Skills:
 - Level 8.5 Fighting
 + Level 6.7 Maces & Flails
 - Level 3.0 Armour
 + Level 2.8 Dodging
 - Level 2.1 Stealth
 - Level 4.3 Spellcasting
 - Level 5.0 Conjurations
 + Level 1.2 Transmutations
 - Level 5.9 Earth Magic
 + Level 4.5 Invocations


You had 8 spell levels left.
You knew the following spells:

 Your Spells              Type           Power        Failure   Level  Hunger
a - Sandblast             Erth           ####..       1%          1    None
b - Stoneskin             Trmt/Erth      ###.....     6%          2    #......
c - Stone Arrow           Conj/Erth      ####..       4%          3    ###....
d - Passwall              Trmt/Erth      ###.......   12%         3    ###....


Dungeon Overview and Level Annotations

Branches:
Dungeon (9/15)             Temple (1/1) D:4            Lair (1/8) D:9
    Orc: D:9-12

Altars:
Cheibriados
Dithmenos
Elyvilon
Fedhas
Kikubaaqudgha
Nemelex Xobeh
Qazlal
Ru
Trog
Vehumet
Yredelemnul
Zin
The Shining One
Beogh

Shops:
D:8 *

Annotations:
D:5 exclusion: statue


Innate Abilities, Weirdness & Mutations

You are resistant to torment.
((Your stone body is resilient (AC +7).))
You are immune to poison.
You resist negative energy.
((You are resistant to electric shocks.))
((You can survive without breathing.))
You are immune to petrification.
You are immune to rotting.


Message History

The stone arrow hits the spiny frog.
The spiny frog is lightly wounded.
The spiny frog stings you but does no damage.
Casting: Stone Arrow
Confirm with . or Enter, or press ? or * to list all spells.
Aiming: Stone Arrow
Press: ? - help, Shift-Dir - straight line, f/p - spiny frog
Aim: a spiny frog (lightly wounded, haloed)
The stone arrow hits the spiny frog.
The spiny frog is lightly wounded.
The spiny frog stings you but does no damage.
Casting: Stone Arrow
Confirm with . or Enter, or press ? or * to list all spells.
Aiming: Sandblast
Press: ? - help, Shift-Dir - straight line, f/p - spiny frog
Aim: a spiny frog (lightly wounded, haloed)
The blast of sand hits the spiny frog.
The spiny frog is lightly wounded.
The spiny frog stings you.
You die...

..## #..lY# #
#...P# . #..Y.#
.. ###.## ...
#.# #..## ##
##.# #....##.
#PY## ##......#
#...#
.......♣#####
#l#.#
#.......Fl#.###
#F###
#...##P##YY...##
#.P### ### ##
#####..# #.F..#
#..###....#
##.Fl.....#
###.....##
##....# ##.....?


You could see a komodo dragon, a spiny frog and 2 sheep.

Vanquished Creatures
  The ghost of UristPineapples the Cudgeler, a novice GrFi of Okawaru (D:6)
  Sigmund (D:4)
  A wyvern (D:7)
  A hippogriff (D:8)
  Menkaure (D:7)
  A hungry ghost (D:7)
  A porcupine (Lair:1)
  2 water moccasins (D:6)
  2 ogres
  2 sky beasts
  2 orc warriors
  An ice beast (D:5)
  A phantom (D:6)
  3 centaurs
  2 giant frogs (D:9)
  3 scorpions
  2 hounds
  2 jellies
  4 crimson imps
  Crazy Yiuf (D:7)
  6 orc priests
  A centaur skeleton (D:8)
  A giant frog skeleton (D:7)
  5 orc wizards
  8 worker ants
  A hound zombie (D:5)
  A worker ant zombie (D:5)
  2 hound skeletons
  Robin (D:3)
  5 adders
  6 gnolls
  A shadow imp (D:5)
  3 river rats (Lair:1)
  2 oozes
  A worm (D:3)
  2 adder skeletons (D:5)
  An adder zombie (D:5)
  2 giant geckos
  20 orcs
  6 bats
  5 giant cockroaches
  15 goblins
  15 hobgoblins
  7 jackals
  6 kobolds
  3 ball pythons
  3 giant newts
  2 jackal skeletons
  5 quokkas
  2 quokka skeletons
  A quokka zombie (D:6)
  8 rats
181 creatures vanquished.

Vanquished Creatures (others)
  A kobold (D:1)
  A rat (D:1)
  2 fungi (Lair:1)
  A plant (Lair:1)
5 creatures vanquished.

Grand Total: 186 creatures vanquished

Notes
Turn   | Place    | Note
--------------------------------------------------------------
     0 | D:1      | Ijustatesigmund the Gargoyle Earth Elementalist began the quest for the Orb.
     0 | D:1      | Reached XP level 1. HP: 10/10 MP: 3/3
    43 | D:1      | Reached skill level 4 in Earth Magic
   417 | D:1      | Reached XP level 2. HP: 13/15 MP: 0/5
   832 | D:1      | Learned a level 2 spell: Stoneskin
  1195 | D:1      | Reached skill level 5 in Earth Magic
  1195 | D:1      | Reached XP level 3. HP: 19/19 MP: 0/6
  1488 | D:2      | Reached skill level 1 in Maces & Flails
  1547 | D:2      | Noticed Robin
  1986 | D:3      | Killed Robin
  1986 | D:3      | Reached XP level 4. HP: 16/24 MP: 1/7
  2085 | D:3      | Learned a level 3 spell: Stone Arrow
  2265 | D:2      | Found a sacrificial altar of Ru.
  2974 | D:3      | Reached skill level 1 in Conjurations
  3024 | D:3      | Found an ancient bone altar of Kikubaaqudgha.
  3450 | D:3      | Reached XP level 5. HP: 26/28 MP: 3/8
  3501 | D:3      | Reached skill level 1 in Armour
  4138 | D:4      | Found a glowing silver altar of Zin.
  4138 | D:4      | Found a shadowy altar of Dithmenos.
  4306 | D:4      | Found a staircase to the Ecumenical Temple.
  4317 | Temple   | Entered the Ecumenical Temple
  4417 | Temple   | Became a worshipper of the Shining One
  4519 | D:4      | Noticed Sigmund
  4531 | D:5      | Entered Level 5 of the Dungeon
  4531 | D:5      | Noticed a phantom
  4543 | D:5      | Noticed a centaur
  4556 | D:5      | Killed a centaur
  4668 | D:5      | Reached XP level 6. HP: 32/32 MP: 4/9
  4998 | D:4      | Found a blossoming altar of Fedhas.
  5481 | D:3      | Reached XP level 7. HP: 29/36 MP: 0/10
  5671 | D:4      | Killed Sigmund
  5919 | D:5      | Found a radiant altar of Vehumet.
  6289 | D:5      | Noticed an ogre
  6298 | D:5      | Killed an ogre
  6298 | D:5      | Reached skill level 1 in Invocations
  6377 | D:5      | Reached * piety under the Shining One
  6558 | D:5      | Reached XP level 8. HP: 37/41 MP: 11/11
  6588 | D:5      | Noticed a centaur
  6599 | D:5      | Killed a centaur
  6824 | D:5      | Noticed an ice beast
  6844 | D:5      | Killed an ice beast
  6844 | D:5      | Reached skill level 5 in Maces & Flails
  6844 | D:5      | Reached skill level 5 in Conjurations
  7161 | D:5      | Found a sparkling altar of Nemelex Xobeh.
  7813 | D:6      | Reached skill level 5 in Fighting
  7845 | D:6      | Killed a phantom
  7999 | D:6      | Reached skill level 6 in Fighting
  8060 | D:6      | Reached XP level 9. HP: 51/56 MP: 12/12
  8176 | D:6      | Reached skill level 7 in Fighting
  8384 | D:6      | Noticed UristPineapples's ghost (novice GrFi)
  8403 | D:6      | Killed UristPineapples's ghost
  8403 | D:6      | Reached skill level 8 in Fighting
  8970 | D:7      | Found a basalt altar of Yredelemnul.
  8978 | D:7      | Found a white marble altar of Elyvilon.
  8985 | D:7      | Noticed Menkaure
  9003 | D:7      | Killed Menkaure
  9003 | D:7      | Reached ** piety under the Shining One
  9588 | D:7      | Found a stormy altar of Qazlal.
  9800 | D:7      | Noticed Crazy Yiuf
  9805 | D:7      | Killed Crazy Yiuf
  9891 | D:8      | Found a bloodstained altar of Trog.
 10485 | D:8      | Reached XP level 10. HP: 34/65 MP: 16/16
 10675 | D:8      | Found Unoukegg's Blasphemy Boutique.
 10680 | D:8      | Found a roughly hewn altar of Beogh.
 10819 | D:8      | Identified a scroll of acquirement
 10886 | D:8      | Learned a level 3 spell: Passwall
 11014 | D:8      | Found a blossoming altar of Fedhas.
 11241 | D:9      | Reached skill level 1 in Transmutations
 11302 | D:9      | Found a staircase to the Lair.
 11311 | Lair:1   | Entered Level 1 of the Lair of Beasts
 11378 | Lair:1   | HP: 4/97 [spiny frog (2)]
 11381 | Lair:1   | Slain by a spiny frog

Action                   |  1- 3 |  4- 6 |  7- 9 | 10-12 || total
-------------------------+-------+-------+-------+-------++-------
Melee: Short sword       |    39 |       |       |       ||    39
       Mace              |    24 |    85 |   371 |    82 ||   562
       Staff             |       |       |    12 |       ||    12
Throw: Stone             |       |     3 |     1 |       ||     4
 Cast: Sandblast         |    57 |   124 |   100 |     1 ||   282
       Stoneskin         |       |       |     4 |       ||     4
       Stone Arrow       |       |       |    12 |     5 ||    17
Invok: Divine Shield     |       |       |       |     1 ||     1
Evoke: Wand              |       |       |     1 |       ||     1
       Deck              |       |       |       |     1 ||     1
  Use: Scroll            |     4 |     7 |     5 |     5 ||    21
       Potion            |       |     3 |     4 |     3 ||    10
 Stab: Sleeping          |       |     2 |       |       ||     2
  Eat: Chunk             |     4 |     8 |     9 |     1 ||    22
       Pizza             |       |     2 |       |       ||     2
       Fruit             |       |     1 |       |       ||     1
       Bread ration      |       |     1 |     4 |       ||     5
